 BcadrenCrawl: Boulder Brew version 0.05.21-81-gd28e3044bd (webtiles) character file.

Game seed: 9586002394684930278, levelgen mode: deterministic

293 theanonym the Chopper (level 6, -3/34 HPs) Molten Gargoyle Gladiator. Began on Sept 5, 2021. Splashed by a jelly's acid (8 damage) ... on level 2 of the Dungeon. The game lasted 00:04:06 (1206 turns).

theanonym the Chopper (Molten Gargoyle Gladiator)   Turns: 1206, Time: 00:04:06

Health: -3/34      AC:  0    Str: 13    XL:     6 ^: 314
Magic:  7/7        EV: 14    Int:  8    God:
Gold:   45         SH:  0    Dex: 18    Spells: 5/5 levels left

rFire    + + +     Vision   .   a - +0 war axe
rCold    x x .     Gourm    .   (no weapon)
rNeg     + . .     Faith    .   b - +0 leather armour
rCorr    . . .     Spirit   .   c - +0 helmet
rPois    ∞         Reflect  .   (no cloak)
rElec    +         Harm     .   (no gloves)
MR       .....                  (no boots)
Stlth    ++........             (no amulet)
HPRegen  0.21/turn              (no ring)
MPRegen  0.17/turn              (no ring)

@: short of breath, corroded
A: torment immune, lava walking, breathe magma 1, fire resistance 3, negative
energy resistance 1, electricity resistance, unbreathing, petrification
resistance, cold vulnerability 2, rot immunity, core melding 2
a: Breathe Magma


Innate Abilities, Weirdness & Mutations

You are resistant to torment.
You are not damaged by walking on lava.
You are immune to poison.
You can breathe lava.
You are almost immune to the effects of heat. (rF+++)
You resist negative energy. (rN+)
You are resistant to electric shocks. (rElec)
You can survive without breathing.
You are immune to petrification.
You are very vulnerable to cold. (rC--)
You are immune to rotting.
The molten core of your body molds to fit into any body armour perfectly. (2x Base AC and No Encumberance from Armour).


   Skills:
 + Level 4.4 Fighting
 * Level 5.3 Axes & Hammers
 - Level 3.2 Dodging
 - Level 2.0 Evocations


You had 5 spell levels left.
You didn't know any spells.
Your spell library was empty.

Skill      XL: |  1  2  3  4  5 |
---------------+----------------+-----
Axes & Hammers | 3 4 5 |  5.3
Fighting       | 3 4 |  4.4
Dodging        | |  3.2
Evocations     | |  2.0

Action                   |  1- 3 |  4- 6 || total
-------------------------+-------+-------++-------
Melee: War axe           |    63 |   104 ||   167
       Unarmed           |    36 |    81 ||   117
 Abil: Breathe Magma     |       |     5 ||     5
Evoke: Wand              |       |     7 ||     7
  Use: Scroll            |       |     1 ||     1
 Stab: Sleeping          |     2 |       ||     2
       Held in net/web   |       |     1 ||     1
  Eat: Chunk             |       |     2 ||     2
Armor: Leather armour    |    15 |    38 ||    53
Dodge: Dodged            |    54 |   118 ||   172

Inventory:

Weapons
 a - a +0 war axe (weapon)
Armour
 b - a +0 leather armour (worn)
 c - a +0 helmet (worn)
Wands
 d - a wand of ensnaring (2)
Scrolls
 f - a scroll of fog
 B - a scroll of blinking
Potions
 h - a potion of brilliance
 w - a potion of curing
Comestibles
 e - 5 rations


You were on level 2 of the Dungeon.
You were not hungry.

You visited 1 branch of the dungeon, and saw 2 of its levels.

You collected 45 gold pieces.

Dungeon Overview and Level Annotations

Branches:
Dungeon (2/8)

Altars:
Kikubaaqudgha

#≈≈≈≈≈≈≈≈#..##### #.≈P≈P....
#≈≈≈≈≈≈≈≈#..≈.≈.## ##...P≈.#.J
#≈≈≈≈≈≈≈≈≈≈..#..≈# #≈≈≈.......
#≈≈≈P≈≈≈≈#.#####.#####...≈≈....
#..PP≈≈≈...#####.....#.≈≈≈≈..≈#
#.P≈P≈≈≈...##........#.≈...≈#.#
#≈.PP≈≈....##.##.##..#...≈≈.≈.#
#≈≈≈≈≈PP...##.#r..#..#.≈≈≈≈≈###
#≈≈≈≈≈PPP...††@JK.......≈≈≈≈#
#≈≈≈≈≈≈≈P###..#J..#.##≈≈≈≈≈≈#
#≈≈≈≈≈≈≈≈# #..##.##.##.≈≈≈≈≈#
#≈≈≈≈≈≈≈≈# #........##.≈≈≈≈≈≈.#
#≈≈≈≈≈≈≈≈# #.....#####.≈≈≈≈≈#.≈
#PP≈≈≈≈P≈# #####.# #.≈≈≈≈..≈.
#PP≈≈≈P≈<#####.≈.# #..≈≈..P..
#≈≈≈≈≈≈≈.##≈≈)#### #PKPPP.#≈#
#≈≈≈≈≈≈≈.÷≈#### P≈PP≈P.###


You could see 2 jellies, a sewer rat (webbed) and a kobold.

Notes
Turn   | Place    | Note
-------+----------+-------------------------------------------
     0 | D:1      | theanonym the Molten Gargoyle Gladiator began the quest for
                  | the Orb.
     0 | D:1      | Reached XP level 1. HP: 11/11 MP: 2/2
   119 | D:1      | Reached skill level 3 in Axes & Hammers
   121 | D:1      | Reached XP level 2. HP: 16/16 MP: 3/3
   244 | D:1      | Reached XP level 3. HP: 18/19 MP: 4/4
   358 | D:1      | Reached skill level 3 in Fighting
   464 | D:1      | Reached skill level 4 in Axes & Hammers
   638 | D:2      | Reached XP level 4. HP: 23/24 MP: 5/5
   690 | D:2      | HP: 12/24 [sewer rat (3)]
   779 | D:2      | Found an ancient bone altar of Kikubaaqudgha.
   797 | D:2      | Reached XP level 5. HP: 29/29 MP: 6/6
   803 | D:2      | Reached skill level 4 in Fighting
   885 | D:2      | Reached skill level 5 in Axes & Hammers
   896 | D:2      | HP: 12/29 [worm (6)]
  1007 | D:2      | HP: 14/29 [sewer rat (5)]
  1010 | D:2      | HP: 3/29 [sewer rat (5)]
  1012 | D:2      | HP: 1/29 [sewer rat (2)]
  1036 | D:2      | Reached XP level 6. HP: 6/33 MP: 7/7
  1190 | D:2      | HP: 17/34 [ooze (2)]
  1206 | D:2      | HP: 16/34 [jelly (2)]
  1206 | D:2      | HP: 7/34 [acid (9)]
  1206 | D:2      | Splashed by a jelly's acid

Vanquished Creatures
  A bullfrog (D:2)
  2 giant cockroaches
  13 sewer rats (D:2)
  A worm (D:2)
  4 cinder newts
  2 oozes (D:2)
  2 dart slugs (D:1)
  3 leopard geckos
  An adder skeleton (D:2)
  3 ball pythons
  3 bats (D:1)
  6 goblins (D:1)
  6 hobgoblins (D:1)
  4 kobolds
  A kobold skeleton (D:2)
  7 rats (D:1)
59 creatures vanquished.

Vanquished Creatures (others)
  3 sewer rats (D:2)
  A bat (D:2)
  2 rats (D:2)
  4 slimeheads (D:2)
  60 withered plants (D:2)
70 creatures vanquished.

Grand Total: 129 creatures vanquished

Table legend:
 A = Turns spent in this place as a percentage of turns spent in the entire game.
 B = Non-inter-level travel turns spent in this place as a percentage of non-inter-level travel turns spent in the entire game.
 C = Inter-level travel turns spent in this place as a percentage of turns spent in this place.
 D = Turns resting spent in this place as a percentage of non-inter-level travel turns spent in this place.
 E = Turns spent auto-exploring this place as a percentage of non-inter-level travel turns spent in this place.
 F = Non-inter-level travel turns spent in this place divided by the number of levels of this place that you've seen.
                   A       B       C       D       E      F
               +-------+-------+-------+-------+-------+----------------------
         Total | 100.0 | 100.0 |   0.7 |  21.4 |  49.0 | 599.0
       Dungeon | 100.0 | 100.0 |   0.7 |  21.4 |  49.0 | 599.0
               +-------+-------+-------+-------+-------+----------------------
